 Dungeon Crawl Stone Soup version 0.31-a0-164-g2312942fda (webtiles) character file.

Game seed: 11595874296627887467

123 Hubris850 the Shooter (level 4, 0/25 HPs)
             Began as a Deep Elf Hunter on June 13, 2023.
             Slain by a black bear (9 damage)
             ... on level 3 of the Dungeon.
             The game lasted 00:06:51 (2265 turns).

Hubris850 the Shooter (Deep Elf Hunter)             Turns: 2265, Time: 00:06:51

Health: 0/25       AC:  4    Str:  8    XL:     4   Next: 80%
Magic:  6/6        EV: 13    Int: 14    God:
Gold:   172        SH:  0    Dex: 20    Spells: 3/3 levels left

rFire   . . .        a - +0 shortbow
rCold   . . .        (shield currently unavailable)
rNeg    . . .        c - +0 leather armour
rPois   .            (no helmet)
rElec   .            m - +0 cloak
rCorr   .            (no gloves)
SInv    .            (no boots)
Will    .....        (no amulet)
Stlth   ++           (no ring)
HPRegen 0.24/turn    (no ring)
MPRegen 0.10/turn

%: no passive effects
@: no status effects
A: no striking features
a: no special abilities


You were on level 3 of the Dungeon.
You visited 1 branch of the dungeon, and saw 3 of its levels.

You collected 172 gold pieces.

Inventory:

Hand Weapons
 a - a +0 shortbow (weapon)
 b - a +1 dagger of venom
 d - a +0 short sword
Missiles
 l - 3 javelins
 o - 2 poisoned darts
Armour
 c - a +0 leather armour (worn)
 m - a +0 cloak (worn)
Wands
 k - a wand of iceblast (5)
Scrolls
 e - 2 scrolls of butterflies
 f - a scroll of revelation
 h - a scroll of noise {unknown}
 i - a scroll of teleportation
 j - a scroll of amnesia {unknown}
Potions
 g - a potion of lignification {unknown}
 n - a potion of might {unknown}
 p - a potion of curing {unknown}


   Skills:
 - Level 1.5 Fighting
 + Level 7.2 Ranged Weapons
 - Level 3.3 Dodging
 - Level 3.0 Stealth


You had 3 spell levels left.
You didn't know any spells.
Your spell library contained the following spells:

 Spells                   Type           Power      Damage    Failure   Level
 Necrotise                Necr           0%         1d4       38%         1
 Sandblast                Erth           0%         2d4       38%         1
 Passwall                 Tmut/Erth      0%         N/A       54%         2
 Stone Arrow              Conj/Erth      0%         3d7       77%         3
 Vampiric Draining        Necr           0%         2d6       77%         3
 Vhi's Electric Charge    Tloc/Air       0%         N/A       77%         3
 Agony                    Necr           0%         N/A       100%        5
 Arcjolt                  Conj/Air       0%         1d10      100%        5
 Maxwell's Capacitive Co  Air            0%         ∞         100%        8


Dungeon Overview and Level Annotations

Branches:
Dungeon (3/15)

Altars:
Elyvilon


Message History

The giant cockroach is severely wounded.
You shoot an arrow. The arrow hits the giant cockroach!
You kill the giant cockroach!
A bat comes into view.
You shoot an arrow.
The arrow hits the bat but does no damage.
The bat hits you but does no damage.
You shoot an arrow. The arrow hits the bat!
You kill the bat!
p - a white potion
Found a leather armour.
There is an open door here.
There is an open door here.
A black bear comes into view.
You shoot an arrow. The arrow hits the black bear!
The black bear growls angrily.
The black bear is moderately wounded.
You shoot an arrow. The arrow hits the black bear.
The black bear is heavily wounded.
You shoot an arrow. The arrow hits the black bear.
The black bear is heavily wounded.
You shoot an arrow. The arrow hits the black bear.
The black bear is severely wounded.
You shoot an arrow. The arrow hits the black bear.
The black bear is severely wounded.
The black bear goes berserk!
You shoot an arrow.
The arrow completely misses the black bear.
You shoot an arrow.
The arrow hits the black bear but does no damage.
The black bear is severely wounded.
The black bear bites you! The black bear misses you. The black bear claws you.
You are too injured to fight recklessly!
Fire: a) +0 shortbow
Press: ? - help, Q - select action, (/) - cycle Shift-Dir - straight line, f/p - black bear
Aim: a black bear (severely wounded, berserk, 72% to hit)
You shoot an arrow. The arrow hits the black bear!
The black bear is almost dead.
The black bear bites you!
You die...

#.#.#.# #....#................
###.#...####....#..........♣._.♣.
....#####.......#................
.#### #.......#........#~..♣..~
..#######..........##....#~~...~~
#.#.................+... ###...##
#.#.#####..........# .. ##..##
#.#.# #......#...### ##... #...#
#......#@....# #.## ....#
#......#.h...# #.# ....##
#########....# #.# .....# ......#
#.# .....### ......# #.#
###....#### #.....# ###.#
....##....### .....# ##...#
#########...# .....# #..###
###.### #########.#####


You could see a black bear (berserk).

Vanquished Creatures
  Ijyb (D:3)
  2 adders
  2 worms (D:2)
  5 dart slugs
  An orc (D:3)
  5 endoplasms
  4 giant cockroaches
  5 goblins
  6 hobgoblins
  3 jackals (D:1)
  4 quokkas
  3 ball pythons
  8 bats
  6 kobolds
  7 rats
62 creatures vanquished.

Notes
Turn   | Place    | Note
-------+----------+-------------------------------------------
     0 | D:1      | Hubris850 the Deep Elf Hunter began the quest for the Orb.
     0 | D:1      | Reached XP level 1. HP: 12/12 MP: 3/3
    90 | D:1      | Reached XP level 2. HP: 9/16 MP: 4/4
   518 | D:1      | Reached XP level 3. HP: 20/20 MP: 5/5
   934 | D:2      | Reached skill level 6 in Ranged Weapons
  1338 | D:3      | Reached XP level 4. HP: 25/25 MP: 6/6
  1477 | D:3      | Noticed Ijyb
  1493 | D:3      | Killed Ijyb
  1631 | D:3      | Reached skill level 7 in Ranged Weapons
  1803 | D:3      | Found a white marble altar of Elyvilon.
  2257 | D:3      | Noticed a black bear
  2265 | D:3      | Slain by a black bear

Illustrated notes

Levels and vault maps discovered:
D:1:      ebering_trefoil_3fold, layout_loops_ring
D:2:      layout_loops_cross, grunt_decor_cap
D:3:      layout_basic, elyvilon_altar_4, uniq_ijyb

Skill      XL: |  1  2  3  4 |
---------------+-------------+-----
Stealth        | 2 3 |  3.0
Dodging        | 3 |  3.3
Ranged Weapons | 6 7 |  7.2
Fighting       | |  1.5

Action                     |  1- 3 |  4- 6 || total
---------------------------+-------+-------++-------
  Melee: Dagger            |       |     5 ||     5
   Fire: Shortbow          |   115 |    54 ||   169
    Use: Scroll            |     2 |     1 ||     3
 Armour: Leather armour    |     2 |     5 ||     7
  Dodge: Dodged            |    33 |    17 ||    50

Table legend: (Time is in decaauts)
 A = Elapsed time spent in this place.
 B = Non-inter-level travel time spent in this place.
 C = Inter-level travel time spent in this place.
 D = Time resting spent in this place.
 E = Time spent auto-exploring this place.
 F = Levels seen in this place.
 G = Mean time per level.
                   A        B        C        D        E       F      G
               +--------+--------+--------+--------+--------+-----+--------+
         Total |   2289 |   2228 |     61 |     29 |   1851 |   3 |  763.0 |
       Dungeon |   2289 |   2228 |     61 |     29 |   1851 |   3 |  763.0 |
               +--------+--------+--------+--------+--------+-----+--------+

Top non-repeatable levels by time:
     D:3: 944 daAuts
     D:1: 730 daAuts
     D:2: 614 daAuts
